3L
D.C. DIVIDED @ MONTANA PANDAS
09/09/2030
 
TOP OF THE 1ST
D.C. Divided batting - Pitching for Montana Pandas : RHP Ryan Peterson
Pitching: RHP Ryan Peterson
Batting: RHB Roberto Maestas 0-0: Ball
1-0: Called Strike
1-1: Fly out, F6 (Popup, 6M)
Batting: LHB Sal Bradshaw 0-0: Foul Ball, location: 2F
0-1: Ball
1-1: Foul Ball, location: 2F
1-2: Ball
2-2: SINGLE (Line Drive, 89S)
Batting: RHB Arturo Rodríguez 0-0: Ball
1-0: Ball
2-0: Called Strike
2-1: Foul Ball, location: 2F
2-2: Foul Ball, location: 2F
2-2: Ball
3-2: SINGLE (Line Drive, 7S)
Sal Bradshaw to second
Batting: RHB Wilbur Davis 0-0: Called Strike
0-1: Ball
1-1: Called Strike
Sal Bradshaw steals 3rd base
Arturo Rodríguez to second
1-2: SINGLE (Groundball, 6MD)
Sal Bradshaw scores
Arturo Rodríguez to third
Batting: RHB Mario Castillo 0-0: Ball
Wilbur Davis is caught stealing 2nd base
1-0: Ball
2-0: Called Strike
2-1: Ball
3-1: Called Strike
3-2: Foul Ball, location: 2F
3-2: Base on Balls
Batting: LHB Obidiah Lewis 0-0: Ball
1-0: Called Strike
1-1: Ball
2-1: Swinging Strike
2-2: Strikes out swinging
Top of the 1st over - 1 run, 3 hits, 0 errors, 2 left on base; D.C. 1 - Montana 0
BOTTOM OF THE 1ST
Montana Pandas batting - Pitching for D.C. Divided : RHP Dale Kurth
Pitching: RHP Dale Kurth
Batting: RHB Bernardo Herrera 0-0: Ground out 6-3 (Groundball, 6M)
Batting: LHB Chris McKinney 0-0: Ball
1-0: Called Strike
1-1: Ball
2-1: Swinging Strike
2-2: SINGLE (Groundball, 4MD)
Batting: LHB Melvin Castro 0-0: Ball
1-0: Ball
2-0: Called Strike
2-1: Ball
3-1: Base on Balls
Chris McKinney to second
Batting: RHB Armando Alvarado 0-0: Called Strike
0-1: Called Strike
0-2: Foul Ball, location: 2F
0-2: Fly out, F7 (Flyball, 78M)
Batting: RHB Phil Sherman 0-0: Called Strike
0-1: Ball
1-1: 3-RUN HOME RUN (Flyball, 7D), Distance : 363 ft
Batting: SHB Terumoto Kurihara 0-0: Fly out, F7 (Line Drive, 7S)
Bottom of the 1st over - 3 runs, 2 hits, 0 errors, 0 left on base; D.C. 1 - Montana 3
TOP OF THE 2ND
D.C. Divided batting - Pitching for Montana Pandas : RHP Ryan Peterson
Batting: RHB Julián Salcido 0-0: Foul Ball, location: 2F
0-1: Reached on error, E8 (Line Drive, 8RM)
Batting: LHB Neil Lawson 0-0: Called Strike
0-1: Ball
1-1: Ball
2-1: Swinging Strike
2-2: Ball
3-2: Foul Ball, location: 2F
3-2: Strikes out swinging
Batting: RHB Nick Boyd 0-0: Swinging Strike
0-1: Foul Ball, location: 2F
0-2: Foul Ball, location: 2F
0-2: Foul Ball, location: 2F
0-2: Strikes out swinging
Batting: RHB Roberto Maestas 0-0: Foul Ball, location: 2F
0-1: Ground out 5-3 (Groundball, 56S)
Top of the 2nd over - 0 runs, 0 hits, 1 error, 1 left on base; D.C. 1 - Montana 3
BOTTOM OF THE 2ND
Montana Pandas batting - Pitching for D.C. Divided : RHP Dale Kurth
Batting: RHB Logan Namajunas 0-0: Swinging Strike
0-1: Foul Ball, location: 2F
0-2: Ball
1-2: Ground out 4-3 (Groundball, 4)
Batting: LHB Roberto Fierro 0-0: Ball
1-0: Ground out 4-3 (Groundball, 4M)
Batting: RHB Casey Cavell 0-0: Ball
1-0: SINGLE (Line Drive, 8LS)
Batting: RHB Bernardo Herrera 0-0: Called Strike
0-1: Fly out, F4 (Popup, 4)
Bottom of the 2nd over - 0 runs, 1 hit, 0 errors, 1 left on base; D.C. 1 - Montana 3
TOP OF THE 3RD
D.C. Divided batting - Pitching for Montana Pandas : RHP Ryan Peterson
Batting: LHB Sal Bradshaw 0-0: Foul Ball, location: 2F
0-1: Ball
1-1: Ball
2-1: Ball
3-1: DOUBLE (Groundball, 3L)
Batting: RHB Arturo Rodríguez 0-0: Ball
1-0: Ball
2-0: Foul Ball, location: 2F
2-1: Foul Ball, location: 2F
2-2: Ball
3-2: Fly out, F8 (Flyball, 8LD)
Batting: RHB Wilbur Davis 0-0: Called Strike
0-1: Ground out 6-3 (Groundball, 6S)
Sal Bradshaw to third
Batting: RHB Mario Castillo 0-0: Swinging Strike
0-1: Ball
1-1: Ball
2-1: 2-RUN HOME RUN (Flyball, 7LD), Distance : 343 ft
Batting: LHB Obidiah Lewis 0-0: Ball
1-0: Foul Ball, location: 2F
1-1: Swinging Strike
1-2: Ball
2-2: Ball
3-2: Base on Balls
Batting: RHB Julián Salcido 0-0: Ball
1-0: Ball
2-0: Called Strike
2-1: Foul Ball, location: 2F
2-2: Foul Ball, location: 2F
2-2: Ground out 4-3 (Groundball, 4)
Top of the 3rd over - 2 runs, 2 hits, 0 errors, 1 left on base; D.C. 3 - Montana 3
BOTTOM OF THE 3RD
Montana Pandas batting - Pitching for D.C. Divided : RHP Dale Kurth
Batting: LHB Chris McKinney 0-0: Ball
1-0: Ball
2-0: Foul Ball, location: 2F
2-1: Ball
3-1: Foul Ball, location: 2F
3-2: Foul Ball, location: 2F
3-2: Foul Ball, location: 2F
3-2: SOLO HOME RUN (Flyball, 9LD), Distance : 329 ft
Batting: LHB Melvin Castro 0-0: Ball
1-0: Ball
2-0: Ball
3-0: Called Strike
3-1: Swinging Strike
3-2: Base on Balls
Batting: RHB Armando Alvarado 0-0: Swinging Strike
0-1: Foul Ball, location: 2F
0-2: Ball
1-2: Ball
2-2: Grounds into double play, 6-4-3 (Groundball, 6M)
Batting: RHB Phil Sherman 0-0: Called Strike
0-1: Called Strike
0-2: Foul Ball, location: 2F
0-2: Ball
1-2: Ball
2-2: Strikes out swinging
Bottom of the 3rd over - 1 run, 1 hit, 0 errors, 0 left on base; D.C. 3 - Montana 4
TOP OF THE 4TH
D.C. Divided batting - Pitching for Montana Pandas : RHP Ryan Peterson
Batting: LHB Neil Lawson 0-0: Ball
1-0: Ball
2-0: Ball
3-0: Called Strike
3-1: Base on Balls
Batting: RHB Nick Boyd 0-0: Ball
1-0: Called Strike
1-1: Foul Ball, location: 2F
1-2: Strikes out swinging
Pitching: RHP Miguel Cervantes
Batting: RHB Roberto Maestas 0-0: Ground out 5-3 (Groundball, 56S)
Neil Lawson to second
Batting: LHB Sal Bradshaw 0-0: Ball
1-0: Called Strike
1-1: Ball
2-1: Ball
3-1: Base on Balls
Batting: RHB Arturo Rodríguez 0-0: Ball
1-0: Foul Ball, location: 2F
1-1: Fly out, F5 (Popup, 56)
Top of the 4th over - 0 runs, 0 hits, 0 errors, 2 left on base; D.C. 3 - Montana 4
BOTTOM OF THE 4TH
Montana Pandas batting - Pitching for D.C. Divided : RHP Dale Kurth
Batting: SHB Terumoto Kurihara 0-0: Ball
1-0: Called Strike
1-1: Ground out 5-3 (Groundball, 56S)
Batting: RHB Logan Namajunas 0-0: Foul Ball, location: 2F
0-1: Ground out 6-3 (Groundball, 6)
Batting: LHB Roberto Fierro 0-0: Called Strike
0-1: Ball
1-1: Ground out 3-1 (Groundball, 34S)
Bottom of the 4th over - 0 runs, 0 hits, 0 errors, 0 left on base; D.C. 3 - Montana 4
TOP OF THE 5TH
D.C. Divided batting - Pitching for Montana Pandas : RHP Miguel Cervantes
Batting: RHB Wilbur Davis 0-0: Called Strike
0-1: SINGLE (Groundball, 4MD)
Batting: RHB Mario Castillo 0-0: Ball
1-0: SINGLE (Line Drive, 8RS)
Wilbur Davis to second
Batting: LHB Obidiah Lewis 0-0: Bunt missed!
0-1: Sac Bunt - play at first, batter OUT! 1-4
Wilbur Davis to third
Mario Castillo to second
Batting: RHB Julián Salcido 0-0: Called Strike
0-1: Ball
1-1: Ball
2-1: DOUBLE (Line Drive, 9D)
Wilbur Davis scores
Mario Castillo scores
Batting: LHB Neil Lawson 0-0: Called Strike
Julián Salcido steals 3rd base
0-1: Ball
1-1: Ball
2-1: Foul Ball, location: 2F
2-2: Foul Ball, location: 2F
2-2: Ball
3-2: Ground out 4-3 (Groundball, 4)
Julián Salcido scores
Batting: RHB Nick Boyd 0-0: Foul Ball, location: 2F
0-1: Foul Ball, location: 2F
0-2: Single, Error in OF, E8, batter to second base
Batting: RHB Roberto Maestas 0-0: Ground out 5-3 (Groundball, 56)
Top of the 5th over - 3 runs, 4 hits, 1 error, 1 left on base; D.C. 6 - Montana 4
BOTTOM OF THE 5TH
Montana Pandas batting - Pitching for D.C. Divided : RHP Dale Kurth
Batting: RHB Casey Cavell 0-0: Called Strike
0-1: Called Strike
0-2: Strikes out swinging
Batting: RHB Bernardo Herrera 0-0: Called Strike
0-1: Fly out, F8 (Line Drive, 8LD)
Batting: LHB Chris McKinney 0-0: Ball
1-0: Ground out 4-3 (Groundball, 4)
Bottom of the 5th over - 0 runs, 0 hits, 0 errors, 0 left on base; D.C. 6 - Montana 4
TOP OF THE 6TH
D.C. Divided batting - Pitching for Montana Pandas : RHP Miguel Cervantes
Pitching: LHP Morlack Spurgeon
Batting: LHB Sal Bradshaw 0-0: Called Strike
0-1: Ball
1-1: Ball
2-1: Called Strike
2-2: Strikes out swinging
Batting: RHB Arturo Rodríguez 0-0: Ball
1-0: Swinging Strike
1-1: Ball
2-1: DOUBLE (Line Drive, 7LM)
Batting: RHB Wilbur Davis 0-0: Ball
1-0: Swinging Strike
1-1: Ball
2-1: Foul Ball, location: 2F
2-2: Ball
3-2: Foul Ball, location: 2F
3-2: Foul Ball, location: 2F
3-2: Foul Ball, location: 2F
3-2: 2-RUN HOME RUN (Flyball, 7D), Distance : 364 ft
Pitching: RHP Francisco García
Batting: RHB Mario Castillo 0-0: Foul Ball, location: 2F
0-1: Ball
1-1: Ball
2-1: Ball
3-1: Called Strike
3-2: SINGLE (Groundball, 56D)
Batting: LHB Obidiah Lewis 0-0: Called Strike
0-1: Swinging Strike
0-2: SINGLE (Line Drive, 56)
Mario Castillo to second
Batting: RHB Julián Salcido 0-0: Called Strike
0-1: Foul Ball, location: 2F
0-2: Ball
1-2: Foul Ball, location: 2F
1-2: Strikes out swinging
Batting: LHB Neil Lawson 0-0: Ball
1-0: Swinging Strike
1-1: Ball
2-1: Ball
3-1: Foul Ball, location: 2F
3-2: Strikes out swinging
Top of the 6th over - 2 runs, 4 hits, 0 errors, 2 left on base; D.C. 8 - Montana 4
BOTTOM OF THE 6TH
Montana Pandas batting - Pitching for D.C. Divided : RHP Dale Kurth
Batting: LHB Melvin Castro 0-0: Ball
1-0: SOLO HOME RUN (Flyball, 9LD), Distance : 344 ft
Pitching: RHP Luis Fernández
Batting: RHB Armando Alvarado 0-0: Foul Ball, location: 2F
0-1: Ground out 5-3 (Groundball, 5)
Batting: RHB Phil Sherman 0-0: Ball
1-0: Ball
2-0: Called Strike
2-1: Called Strike
2-2: Ball
3-2: Strikes out swinging
Batting: SHB Terumoto Kurihara 0-0: DOUBLE (Line Drive, 9LM)
Batting: RHB Logan Namajunas 0-0: Ball
1-0: Ball
2-0: Fly out, F5 (Popup, 5SF)
Bottom of the 6th over - 1 run, 2 hits, 0 errors, 1 left on base; D.C. 8 - Montana 5
TOP OF THE 7TH
D.C. Divided batting - Pitching for Montana Pandas : RHP Francisco García
Batting: RHB Nick Boyd 0-0: Ball
1-0: Swinging Strike
1-1: Ball
2-1: Foul Ball, location: 2F
2-2: Ball
3-2: Base on Balls
Batting: RHB Roberto Maestas 0-0: Ball
1-0: Ball
2-0: Bunted foul
2-1: Bunted foul
2-2: Ground out U3 (Groundball, 34S)
Nick Boyd to second
Pitching: RHP Nelle Liefting
Batting: LHB Sal Bradshaw 0-0: Called Strike
0-1: Foul Ball, location: 2F
0-2: Ball
1-2: Ball
2-2: Strikes out swinging
Batting: RHB Arturo Rodríguez 0-0: SINGLE (Groundball, 4MD)
Nick Boyd to third
Runner from 3rd tries for Home, SAFE, no throw
Batting: RHB Wilbur Davis 0-0: Ball
1-0: Called Strike
1-1: Foul Ball, location: 2F
1-2: Fly out, F7 (Flyball, 78D)
Top of the 7th over - 1 run, 1 hit, 0 errors, 1 left on base; D.C. 9 - Montana 5
BOTTOM OF THE 7TH
Montana Pandas batting - Pitching for D.C. Divided : RHP Luis Fernández
Batting: LHB Roberto Fierro 0-0: Called Strike
0-1: Ball
1-1: Ball
2-1: Swinging Strike
2-2: Ball
3-2: Foul Ball, location: 2F
3-2: Foul Ball, location: 2F
3-2: SINGLE (Line Drive, 8LS)
Batting: RHB Casey Cavell 0-0: Ball
1-0: Called Strike
Roberto Fierro steals 2nd base
1-1: Foul Ball, location: 2F
1-2: Ball
2-2: Foul Ball, location: 2F
2-2: Ball
3-2: Foul Ball, location: 2F
3-2: Base on Balls
Batting: RHB Bernardo Herrera 0-0: Foul Ball, location: 2F
0-1: Swinging Strike
0-2: Fly out, F8 (Flyball, 8LXD)
Runner from 2nd tags up, SAFE at 3rd, no throw
Batting: LHB Chris McKinney 0-0: Foul Ball, location: 2F
0-1: Called Strike
0-2: Foul Ball, location: 2F
0-2: Ball
1-2: Strikes out swinging
Batting: LHB Melvin Castro 0-0: Called Strike
0-1: Ball
Wild Pitch!
Roberto Fierro scores
Casey Cavell to second
1-1: 2-RUN HOME RUN (Flyball, 9LD), Distance : 317 ft
Pitching: RHP Gavin Blackburn
Batting: RHB Armando Alvarado 0-0: Called Strike
0-1: Fly out, F4 (Popup, 4MD)
Bottom of the 7th over - 3 runs, 2 hits, 0 errors, 0 left on base; D.C. 9 - Montana 8
TOP OF THE 8TH
D.C. Divided batting - Pitching for Montana Pandas : RHP Nelle Liefting
Batting: RHB Mario Castillo 0-0: Foul Ball, location: 2F
0-1: Foul Ball, location: 2F
0-2: Strikes out swinging
Batting: LHB Obidiah Lewis 0-0: Ball
1-0: Ball
2-0: Ball
3-0: Base on Balls
Pinch Runner at 1st Ryan Marken:
Batting: RHB Julián Salcido 0-0: Called Strike
Throwing error on steal attempt, E2
Ryan Marken to third
0-1: Ball
1-1: Foul Ball, location: 2F
1-2: Foul Ball, location: 2F
1-2: Ground out U3 (Groundball, 34)
Batting: LHB Neil Lawson 0-0: Ball
1-0: Ground out 2-3 (Groundball, 2R)
Top of the 8th over - 0 runs, 0 hits, 1 error, 1 left on base; D.C. 9 - Montana 8
BOTTOM OF THE 8TH
Montana Pandas batting - Pitching for D.C. Divided : RHP Gavin Blackburn
Now in LF: Ryan Marken
Batting: RHB Phil Sherman 0-0: Ball
1-0: Fly out, F8 (Line Drive, 8LM)
Batting: SHB Terumoto Kurihara 0-0: Called Strike
0-1: SINGLE (Line Drive, 34D)
Pinch Runner at 1st Rudko Hrnjak:
Pinch Hitting: LHB António Ramos 0-0: Foul Ball, location: 2F
0-1: Swinging Strike
0-2: Strikes out looking
Batting: LHB Roberto Fierro 0-0: Ball
1-0: Ground out 4-3 (Groundball, 4S)
Bottom of the 8th over - 0 runs, 1 hit, 0 errors, 1 left on base; D.C. 9 - Montana 8
TOP OF THE 9TH
D.C. Divided batting - Pitching for Montana Pandas : RHP Nelle Liefting
Pitching: RHP Tate Beason
Now at 3B: Pau Arria
Now in RF: Rudko Hrnjak
Batting: RHB Nick Boyd 0-0: Foul Ball, location: 2F
0-1: Ball
1-1: Swinging Strike
1-2: Ball
2-2: Strikes out swinging
Batting: RHB Roberto Maestas 0-0: Called Strike
0-1: Ball
1-1: Foul Ball, location: 2F
1-2: Ball
2-2: Foul Ball, location: 2F
2-2: Foul Ball, location: 2F
2-2: Ball
3-2: Base on Balls
Batting: LHB Sal Bradshaw 0-0: Ball
Roberto Maestas steals 2nd base
1-0: Swinging Strike
1-1: Swinging Strike
1-2: Strikes out looking
Batting: RHB Arturo Rodríguez 0-0: Called Strike
0-1: Ball
1-1: Ball
2-1: Swinging Strike
2-2: Foul Ball, location: 2F
2-2: Ball
3-2: Foul Ball, location: 2F
3-2: Base on Balls
Pitching: RHP Brandon Bannatyne
Batting: RHB Wilbur Davis 0-0: Swinging Strike
0-1: Called Strike
Arturo Rodríguez steals 2nd base
Roberto Maestas to third
0-2: Fly out, F9 (Flyball, 9S)
Top of the 9th over - 0 runs, 0 hits, 0 errors, 2 left on base; D.C. 9 - Montana 8
BOTTOM OF THE 9TH
Montana Pandas batting - Pitching for D.C. Divided : RHP Gavin Blackburn
Pitching: RHP Roberto Silva
Batting: RHB Casey Cavell 0-0: Ball
1-0: Swinging Strike
1-1: Ball
2-1: Called Strike
2-2: SINGLE (Line Drive, 7LM)
Batting: RHB Bernardo Herrera 0-0: Bunted foul
0-1: Ball
1-1: Bunt missed!
1-2: SINGLE (Groundball, 6) (infield hit)
Casey Cavell to second
Batting: LHB Chris McKinney 0-0: Ball
1-0: Grounds into double play, 4-6-3 (Groundball, 4)
Casey Cavell to third
Batting: LHB Melvin Castro 0-0: Called Strike
0-1: Foul Ball, location: 2F
0-2: Foul Ball, location: 2F
0-2: Ball
1-2: Ball
2-2: Ball
Wild Pitch!
Casey Cavell scores
3-2: Base on Balls
Batting: RHB Armando Alvarado 0-0: Ball
1-0: Called Strike
1-1: Foul Ball, location: 2F
1-2: Ball
2-2: Ground out 4-3 (Groundball, 4)
Bottom of the 9th over - 1 run, 2 hits, 0 errors, 1 left on base; D.C. 9 - Montana 9
TOP OF THE 10TH
D.C. Divided batting - Pitching for Montana Pandas : RHP Brandon Bannatyne
Batting: RHB Mario Castillo 0-0: Swinging Strike
0-1: Ball
1-1: Foul Ball, location: 2F
1-2: Ball
2-2: Foul Ball, location: 2F
2-2: SOLO HOME RUN (Flyball, 78XD), Distance : 427 ft
Batting: LHB Ryan Marken 0-0: DOUBLE (Line Drive, 9LS)
Batting: RHB Julián Salcido 0-0: Fly out, F8 (Line Drive, 8RD)
Batting: LHB Neil Lawson 0-0: Intentional Walk
Batting: RHB Nick Boyd 0-0: Called Strike
0-1: Called Strike
0-2: Ball
1-2: Ball
2-2: Ball
3-2: Strikes out swinging
Neil Lawson is caught stealing 2nd base
Batter strikes out.
Top of the 10th over - 1 run, 2 hits, 0 errors, 1 left on base; D.C. 10 - Montana 9
BOTTOM OF THE 10TH
Montana Pandas batting - Pitching for D.C. Divided : RHP Roberto Silva
Pitching: RHP Gabriel Hidalgo
Batting: RHB Phil Sherman 0-0: Called Strike
0-1: Ball
1-1: Ball
2-1: Called Strike
2-2: SINGLE (Groundball, 6MD)
Pinch Hitting: SHB Xavier Vásquez 0-0: Ball
1-0: Ground out 4-3 (Groundball, 4S)
Phil Sherman to second
Batting: RHB Pau Arria 0-0: Ball
1-0: Fly out, F7 (Flyball, 7S)
Batting: LHB Roberto Fierro 0-0: Called Strike
0-1: Called Strike
0-2: Ball
1-2: Ball
2-2: Strikes out swinging
Bottom of the 10th over - 0 runs, 1 hit, 0 errors, 1 left on base; D.C. 10 - Montana 9
Sunday, March 18th, 2018 - OOTP Baseball 18.8 Build 76